 Dungeon Crawl Stone Soup version 0.29-a0-823-gc37b1572da (webtiles) character file.

Game seed: 15441017154104501519

487 iguanaiguana the Cutter (level 7, 0/35 HPs)
             Began as a Vine Stalker Berserker on July 8, 2022.
             Was a Believer of Trog.
             Succumbed to Ijyb's poison
             ... on level 4 of the Dungeon on July 9, 2022.
             The game lasted 00:05:12 (3736 turns).

iguanaiguana the Cutter (Vine Stalker Berserker)    Turns: 3736, Time: 00:05:12

Health: 0/35       AC:  2    Str: 21    XL:     7   Next: 13%
Magic:  8/8        EV: 12    Int:  7    God:    Trog [**....]
Gold:   156        SH:  0    Dex: 14    Spells: 6/6 levels left

rFire   . . .      SeeInvis .   h - +0 dagger (elec)
rCold   . . .      Faith    .   (no shield)
rNeg    . . .      Spirit   +   b - +0 animal skin
rPois   .          Reflect  .   (no helmet)
rElec   .          Harm     .   (no cloak)
rCorr   .          Rampage  .   (no gloves)
Will    .....                   (no boots)
Stlth   +.........              (no amulet)
HPRegen 0.91/turn               (no ring)
MPRegen 0.11/turn               (no ring)

@: lethally poisoned (0 -> 0), on berserk cooldown, slowed, very slow
A: fangs 2, regeneration 1, magic shield, antimagic bite, no potion heal 2
a: Renounce Religion, Berserk, Trog's Hand


You were on level 4 of the Dungeon.
You worshipped Trog.
Trog was pleased with you.
You visited 1 branch of the dungeon, and saw 4 of its levels.

You collected 156 gold pieces.

Inventory:

Hand Weapons
 h - a +0 dagger of electrocution (weapon)
Armour
 b - a +0 animal skin (worn)
 n - a +0 pair of boots
 p - a +0 helmet
Jewellery
 q - a +6 ring of strength
Scrolls
 c - a scroll of magic mapping {unknown}
 g - a scroll of teleportation {@r3}
 j - a scroll of acquirement {unknown}
 k - a scroll of immolation {unknown}
 l - a scroll of fear {unknown}
Potions
 a - a potion of cancellation
 d - a potion of lignification
 e - a potion of ambrosia
 f - a potion of brilliance
 i - a potion of attraction
 m - a potion of haste {unknown}
 o - a potion of magic {unknown}


   Skills:
 - Level 2.6 Fighting
 + Level 7.2 Short Blades
 - Level 1.5 Armour
 - Level 1.5 Dodging


You had 6 spell levels left.
You didn't know any spells.
Your spell library was empty.

Dungeon Overview and Level Annotations

Branches:
Dungeon (4/15) Zot: 20275
 Temple: D:4-7

Altars:
Sif Muna


Innate Abilities, Weirdness & Mutations

You have extremely sharp teeth.
Your natural rate of healing is unusually fast.
When hurt, damage is shared between your health and your magic reserves.
Your bite disrupts and absorbs the magic of your enemies.
Potions cannot restore your health.


Message History

You are more poisoned.
You are too injured to fight recklessly!
You are too injured to fight recklessly!
You are too injured to fight recklessly!
A red film seems to cover your vision as you go berserk!
You feel yourself moving faster!
You feel mighty!
You feel very sick.
The kobold hits you with a +0 short sword.
* * * LOW HITPOINT WARNING * * *
Ijyb hits you with a +2 dagger of venom.
* * * LOW HITPOINT WARNING * * *
You are more poisoned.
You puncture Ijyb!
Ijyb is heavily wounded.
You feel very sick.
You puncture Ijyb! Your bite misses Ijyb.
Ijyb is severely wounded.
You hit Ijyb but do no damage. Lightning courses through Ijyb!
You kill Ijyb!
The kobold hits you with a +0 short sword.
* * * LOW HITPOINT WARNING * * *
You puncture the kobold!
You kill the kobold!
You start resting.
You feel very sick.
You feel a strong urge to attack something.
You start resting.
You feel your anger nearly subside.
You are no longer berserk.
You are exhausted.
You feel yourself slow down.
* * * LOW HITPOINT WARNING * * *
You are confused.
Your system rejects the healing.
You feel invigorated.
* * * LOW HITPOINT WARNING * * *
You feel very sick.
* * * LOW HITPOINT WARNING * * *
* * * LOW HITPOINT WARNING * * *
You feel less invigorated.
You feel less confused.
You die...

.. . #.##.
#.#.. .#
#.#.# >#
#.#.##.#
#.#....###
#)#.......
#.@)$#
###..#
#..###
#<...# .
#.##..#..
###.###....
#.......#..8
#......## ..
#.....## .


There were no monsters in sight!

Vanquished Creatures
  Grinder (D:3)
  A scorpion (D:3)
  An iguana (D:3)
  Ijyb (D:4)
  Natasha (twice) (D:3)
  Robin (D:3)
  3 adders (D:2)
  2 worms (D:3)
  A dart slug (D:1)
  7 ball pythons
  8 bats
  9 endoplasms
  4 giant cockroaches (D:1)
  5 goblins (D:3)
  9 hobgoblins
  4 jackals (D:2)
  3 frilled lizards
  6 kobolds
  A rat (D:2)
69 creatures vanquished.

Notes
Turn   | Place    | Note
-------+----------+-------------------------------------------
     0 | D:1      | iguanaiguana the Vine Stalker Berserker began the quest for
                  | the Orb.
     0 | D:1      | Reached XP level 1. HP: 11/11 MP: 2/2
   205 | D:1      | Reached skill level 3 in Short Blades
   714 | D:1      | Reached XP level 2. HP: 14/16 MP: 3/3
  1747 | D:2      | Reached XP level 3. HP: 12/19 MP: 1/4
  2148 | D:2      | Reached skill level 4 in Short Blades
  2261 | D:2      | You fall into a shaft and drop 1 floor!
  2284 | D:3      | Found a shimmering blue altar of Sif Muna.
  2298 | D:3      | Gained mutation: Your natural rate of healing is unusually
                  | fast. [Vine Stalker growth]
  2298 | D:3      | Reached XP level 4. HP: 23/23 MP: 5/5
  2440 | D:3      | Reached ** piety under Trog
  2478 | D:3      | Noticed a scorpion
  2571 | D:3      | Killed a scorpion
  2572 | D:3      | Reached skill level 5 in Short Blades
  2572 | D:3      | Reached XP level 5. HP: 12/27 MP: 3/6
  3165 | D:3      | Noticed Natasha
  3174 | D:3      | Killed Natasha
  3330 | D:3      | Noticed Grinder
  3348 | D:3      | Killed Grinder
  3349 | D:3      | Reached skill level 6 in Short Blades
  3349 | D:3      | Reached XP level 6. HP: 32/32 MP: 7/7
  3369 | D:3      | Noticed Robin
  3374 | D:3      | Killed Robin
  3379 | D:3      | Reached skill level 7 in Short Blades
  3383 | D:3      | Reached XP level 7. HP: 34/35 MP: 6/8
  3538 | D:3      | Noticed Natasha
  3545 | D:3      | Killed Natasha
  3715 | D:4      | Noticed Ijyb
  3726 | D:4      | Killed Ijyb
  3733 | D:4      | HP: 1/35 [poisoned by Ijyb]
  3736 | D:4      | Succumbed to Ijyb's poison

Illustrated notes

Levels and vault maps discovered:
D:1:      sevenhm_arrival_forest_fort_large_4, layout_basic,
          chequers_serial_rivers_micro_b, nrook_uturn
D:2:      layout_loops_corners, minmay_misc_feat_secret_circle
D:3:      minmay_inner_zag, layout_loops_cross, overflow_temple_1_default,
          nicolae_concentric_dashed_squares_wild, uniq_grinder, uniq_natasha,
          uniq_robin
D:4:      layout_rooms, mainiacjoe_overflow_concentric_impassable,
          minmay_temple_entry_waves, minmay_starry_boxes, uniq_ijyb,
          uniq_crazy_yiuf_cottage

Skill      XL: |  1  2  3  4  5  6 |
---------------+-------------------+-----
Short Blades   | 3 4 5 6 7 |  7.2
Fighting       | |  2.6
Armour         | |  1.5
Dodging        | |  1.5

Action                   |  1- 3 |  4- 6 |  7- 9 || total
-------------------------+-------+-------+-------++-------
Melee: Short sword       |    58 |       |       ||    58
       Bite              |    18 |    19 |     4 ||    41
       Unarmed           |     3 |       |       ||     3
       Dagger            |    20 |    92 |    19 ||   131
       Punch             |       |     1 |     1 ||     2
Invok: Berserk           |     1 |     2 |     1 ||     4
       Trog's Hand       |       |     1 |       ||     1
  Use: Potion            |     1 |     1 |     1 ||     3
       Scroll            |       |     5 |       ||     5
 Stab: Sleeping          |     2 |     5 |     2 ||     9
       Distracted        |       |     1 |       ||     1
Armor: Animal skin       |    17 |    10 |       ||    27
       Skin              |     6 |       |       ||     6
Dodge: Dodged            |    42 |    48 |     4 ||    94

Table legend: (Time is in decaauts)
 A = Elapsed time spent in this place.
 B = Non-inter-level travel time spent in this place.
 C = Inter-level travel time spent in this place.
 D = Time resting spent in this place.
 E = Time spent auto-exploring this place.
 F = Levels seen in this place.
 G = Mean time per level.
                   A        B        C        D        E       F      G
               +--------+--------+--------+--------+--------+-----+--------+
         Total |   3724 |   3486 |    238 |    423 |   2623 |   4 |  931.0 |
       Dungeon |   3724 |   3486 |    238 |    423 |   2623 |   4 |  931.0 |
               +--------+--------+--------+--------+--------+-----+--------+

Top non-repeatable levels by time:
     D:1: 1577 daAuts
     D:2: 1126 daAuts
     D:3: 993 daAuts
     D:4: 26 daAuts
